 Dungeon Crawl Stone Soup version 0.32-a0-630-g46d191b0ed (webtiles) character file.

Game seed: 14487736872975812587

260844 MiniTore the Warrior (level 19, -4/154 (161) HPs)
             Began as a Coglin Berserker on Mar 5, 2024.
             Was a High Priest of Trog.
             Killed from afar by a deep elf zephyrmancer (24 damage)
             ... with a bolt of lightning
             ... on level 2 of the Elven Halls on Mar 6, 2024.
             The game lasted 03:42:45 (40621 turns).

MiniTore the Warrior (Coglin Berserker)            Turns: 40621, Time: 03:42:48

HP:   -4/154 (161)  AC: 23    Str: 33    XL:     19   Next: 64%
MP:   19/19         EV: 17    Int: 10    God:    Trog [*****.]
Gold: 1286          SH:  0    Dex: 18    Spells: 18/18 levels left

rFire   . . .        k - +10 broad axe of the Known World {flame, Will++ Str+6}
rCold   . . .        o - +9 war axe (vamp) {Olga}
rNeg    . . .        u - quicksilver dragon scales
rPois   +            (helmet restricted)
rElec   .            C - +2 cloak
rCorr   +            K - +0 pair of gloves of Jatz {Str+4 Int+2 Dex+3}
SInv    .            L - +2 pair of boots {Fly}
Will    +++++        (amulet unavailable)
Stlth   ++++         (ring unavailable)
HPRegen 2.25/turn    (ring unavailable)
MPRegen 0.16/turn    B - ablative megacapacitor {rPois Will+ rCorr Clar RMsl}

%: repel missiles, clarity
@: about to teleport, strong-willed, flying, regenerating, lightly drained,
revving
A: off-hand wielding, slow wielding, warmup strikes, no jewellery, antennae 1,
regeneration 1, MP-powered wands
}: 2/15 runes: decaying, serpentine
a: Renounce Religion, Berserk, Trog's Hand, Brothers in Arms


You were on level 2 of the Elven Halls.
You worshipped Trog.
Trog was extremely pleased with you.
You visited 7 branches of the dungeon, and saw 34 of its levels.

You collected 3932 gold pieces.
You spent 2646 gold pieces at shops.

Inventory:

Hand Weapons
 k - the +10 broad axe of the Known World (weapon) {flame, Will++ Str+6}
   (Trog gifted it to you on level 3 of the Lair of Beasts)

   Str+6:     It affects your strength (+6).
   Will++:    It greatly increases your willpower.
 n - the +10 hand axe "Xymyug" {venom, rC+ Dex+2 SInv}
   (You bought it in a shop on level 2 of the Orcish Mines)

   Dex+2:     It affects your dexterity (+2).
   rC+:       It protects you from cold.
   SInv:      It lets you see invisible.
 o - a +9 vampiric war axe (offhand) {Olga}
 r - a +0 spectral broad axe
 y - a +5 heavy spear
 Q - a +3 heavy war axe
Missiles
 i - 3 curare-tipped darts
 l - 72 poisoned darts
 q - 2 atropa-tipped darts
 s - 5 javelins
 x - 17 boomerangs (quivered)
 E - 5 datura-tipped darts
Armour
 u - quicksilver dragon scales (worn)
 C - a +2 cloak (worn)
 D - a +4 ring mail of fire resistance
 K - the +0 pair of gloves of Jatz (worn) {Str+4 Int+2 Dex+3}
   (You bought it in a shop on level 2 of the Orcish Mines)

   Str+4:     It affects your strength (+4).
   Int+2:     It affects your intelligence (+2).
   Dex+3:     It affects your dexterity (+3).
 L - a +2 pair of boots of flying (worn)
 P - +0 swamp dragon scales
 T - +0 ice dragon scales
Gizmo
 B - an ablative megacapacitor (installed) {rPois Will+ rCorr Clar RMsl}
   (You invented it yourself on level 5 of the Lair of Beasts)

   [ablative megacapacitor]

   rPois:     It protects you from poison.
   Will+:     It increases your willpower.
   Clar:      It protects you from confusion, rage, mesmerisation and fear.
   RMsl:      It protects you from missiles.
   rCorr:     It protects you from acid and corrosion.
Wands
 a - a wand of polymorph (12)
 c - a wand of flame (66)
 f - a wand of paralysis (17)
 m - a wand of roots (11)
 F - a wand of mindburst (16)
Scrolls
 b - 3 scrolls of silence
 d - 12 scrolls of teleportation
 e - 4 scrolls of immolation
 j - 2 scrolls of revelation
 t - 2 scrolls of fog
 w - 12 scrolls of identify
 G - 5 scrolls of enchant armour
 I - 3 scrolls of poison
 O - a scroll of torment
 R - a scroll of vulnerability
 V - a scroll of brand weapon
 W - a scroll of enchant weapon
Potions
 g - 9 potions of curing
 h - 2 potions of invisibility
 p - 3 potions of enlightenment
 v - a potion of heal wounds
 z - a potion of berserk rage
 A - 4 potions of magic
 J - a potion of cancellation
 N - 2 potions of mutation
 S - a potion of ambrosia
 U - a potion of resistance
Miscellaneous
 H - a lightning rod (4/4)
 M - a condenser vane


   Skills:
 - Level 17.0 Fighting
 - Level 13.0(16.2) Axes
 - Level 9.8(12.3) Maces & Flails
 - Level 11.2(13.4) Polearms
 - Level 11.5 Throwing
 + Level 13.7 Armour
 - Level 10.1 Dodging
 - Level 11.3 Stealth
 - Level 14.0 Evocations


You had 18 spell levels left.
You didn't know any spells.
Your spell library was empty.

Dungeon Overview and Level Annotations

Branches:
Dungeon (15/15)            Temple (0/1) D:7            Lair (5/5) D:11
  Swamp (4/4) Lair:2        Snake (4/4) Lair:3        Slime (2/5) Lair:5
    Orc (2/2) D:10            Elf (2/3) Orc:2        Vaults (0/5) D:13
 Depths (0/4) D:15

Altars:
Kikubaaqudgha
Makhleb
Nemelex Xobeh
Sif Muna
Xom
Jiyva

Shops:
Orc:2 ?:([(   Snake:3 ((?   Snake:4 *(=*


Innate Abilities, Weirdness & Mutations

You can wield a second weapon in your off-hand.
It takes a long time for you to wield or remove held weapons.
Your first few attacks do less damage.
You cannot equip rings or amulets.
You have a pair of small antennae on your head.
Your natural rate of healing is unusually fast.
You expend magic power (3 MP) to strengthen your wands.


Message History

The +2 scimitar of freezing is almost destroyed.
You hit the +0 glaive of venom but do no damage.
You miss the +2 scimitar of freezing with your +9 vampiric war axe.
You closely miss the +0 glaive of venom with your +9 vampiric war axe.
The +2 scimitar of freezing hits you.
The +2 scimitar of freezing freezes you.
Something completely misses your deep troll.
The +0 glaive of venom hits you but does no damage.
Your deep troll bites the +2 scimitar of freezing!!
The +2 scimitar of freezing falls from the air.
Trog accepts your kill.
The deep elf pyromancer gestures at you while chanting.
The pyre arrow is repelled.
You hit the +0 glaive of venom with the +10 broad axe of the Known World.
The +0 glaive of venom is lightly damaged.
You slice the +0 glaive of venom with your +9 vampiric war axe!!
Something hits your deep troll!! The +0 glaive of venom hits you!!
* * * LOW HITPOINT WARNING * * *
Your deep troll bites the deep elf pyromancer!
Your deep troll misses the deep elf pyromancer.
Your deep troll claws the deep elf pyromancer!
As you read the scroll of teleportation, it crumbles to dust.
You feel strangely unstable. Something hits your deep troll!
The +0 glaive of venom hits you!
* * * LOW HITPOINT WARNING * * *
The deep elf pyromancer casts a spell.
The deep elf pyromancer blinks!
The deep elf zephyrmancer closely misses your deep troll.
The +0 glaive of venom hits you from afar.
* * * LOW HITPOINT WARNING * * *
The deep elf pyromancer casts a spell.
The +0 glaive of venom hits you but does no damage.
Your skin crawls.
You feel strong-willed. Something hits you!
* * * LOW HITPOINT WARNING * * *
The deep elf pyromancer hits your deep troll with a +0 dagger.
The deep elf zephyrmancer casts a spell at you.
The bolt of lightning hits you!!
You die...

......##.....{(.
.............ee( ...
.........§....# # #...
#Ee.....§..(# # #..
#ET.....§..# # ##..##
##...§§§§§#
##....###....§§§§§##
#......#...§)e§§§§.##
#.......).@{(§§§§..#
##.........§§§§.......
##.....##.).##...##...
##.....####.####.## ..
#....)## ##### ## ###
## #......## #...#
##.###. ##......#
##.## #...##. ##.....#
##.## #......
##.....###...##
#...##.


You could see a deep elf pyromancer (ally target), a deep elf zephyrmancer, 2
fire elementals, a +0 glaive of venom and a friendly deep troll (summoned,
berserk).

Vanquished Creatures
  Bai Suzhen (Snake:4)
  Vashnia (Snake:3)
  Rupert (Lair:5)
  Jorgrun (Snake:1)
  Mlioglotl (Snake:2)
  A quicksilver dragon (Snake:3)
  3 acid blobs (Slime:1)
  The ghost of Eboth the Blocker, an adept GnFi of Okawaru (Swamp:2)
  A thorn hunter (Swamp:2)
  Kirke (Lair:3)
  5 nagarajas
  2 rockslimes (Slime:1)
  16 slime creatures
  2 deep elf demonologists (Elf:2)
  2 eleionomae
  7 bunyips
  A fire dragon (Lair:5)
  2 shambling mangroves
  Josephine (D:12)
  17 hydras
  7 alligators
  3 catoblepae
  3 ice dragons
  4 salamander tyrants (Snake:4)
  3 centaur warriors
  5 ghost crabs
  6 anacondas
  A boulder beetle (D:13)
  4 two-headed ogres
  14 naga warriors
  20 dancing weapons
  A vampire mage (D:15)
  A death knight (D:15)
  11 death yaks
  16 naga sharpshooters
  7 shock serpents
  Sonja (Lair:1)
  2 storm dragon zombies (D:15)
  A skyshark (Lair:5)
  9 deep elf knights
  Amaemon (D:9)
  2 skeletal warriors (D:15)
  5 goliath frogs
  A sea snake (Snake:1)
  2 mana vipers
  A spriggan druid (Swamp:2)
  8 deep elf archers
  A naga ritualist (Snake:4)
  2 swamp dragons
  4 lindwurms (Lair:5)
  2 thermic dynamos (Elf:1)
  2 bog bodies
  20 deep elf pyromancers
  An orc knight (Orc:2)
  16 deep elf zephyrmancers
  20 ugly things
  6 will-o-the-wisps
  2 necromancers
  6 orc sorcerers
  3 manticores
  2 oklob plants
  3 meliai (D:15)
  5 cyclopes
  7 guardian serpents
  6 salamanders
  A black mamba (shapeshifter) (D:15)
  A kobold blastminer (Orc:2)
  A meliai (shapeshifter) (D:14)
  16 black mambas
  A rust devil (D:12)
  22 naga magi
  A smoke demon (D:12)
  8 elephants
  An eye of devastation (Slime:1)
  5 torpor snails (Lair:5)
  15 cane toads
  A gargoyle (D:10)
  2 orange demons
  An unseen horror (D:11)
  7 komodo dragons
  5 rime drakes
  A rime drake (shapeshifter) (Elf:2)
  2 kobold demonologists
  3 efreet (D:15)
  4 freezing wraiths (Swamp:4)
  2 tengu conjurers
  A bloated husk (Swamp:1)
  2 polar bears
  16 tyrant leeches
  2 trolls (Orc:2)
  15 hornets
  Prince Ribbit (Lair:3)
  2 hellwings (D:12)
  13 blink frogs
  2 dream sheep (Lair:5)
  Sigmund (D:4)
  A spriggan skeleton (D:15)
  4 spriggans
  2 water elementals
  7 wraiths
  4 wyverns
  A yak (shapeshifter) (D:12)
  A vampire (D:12)
  54 yaks
  3 wargs
  Grum (D:10)
  A basilisk (shapeshifter) (D:15)
  A hog (Lair:3)
  9 vampire mosquitoes
  3 swamp worm simulacra (Swamp:4)
  4 steam dragons
  8 basilisks
  36 nagas
  8 swamp worms
  12 hydra simulacra (Swamp:4)
  18 water moccasins
  5 swamp drakes
  A sky beast (shapeshifter) (Elf:1)
  7 black bears
  16 orc warriors
  4 ice beasts
  A sky beast (D:8)
  8 ogres
  2 boggarts (D:14)
  2 centaurs
  A centaur (shapeshifter) (Elf:1)
  11 wolves
  5 kobold brigands
  2 phantoms
  15 bullfrogs
  3 scorpions
  3 earth elementals
  A gnoll sergeant (D:11)
  4 wights (D:10)
  9 killer bees
  7 howler monkeys
  2 electric eels
  A lava snake (Lair:1)
  3 bombardier beetles
  24 orc priests
  4 hounds
  3 jellies
  7 hell rats (Lair:5)
  5 iguanas
  A sleepcap (D:6)
  27 orc wizards
  8 gnolls
  11 adders
  2 shadow imps
  2 white imps (D:5)
  2 ufetubi (D:6)
  5 swamp drake simulacra (Swamp:4)
  2 ribbon worms
  2 dart slugs
  64 orcs
  3 endoplasms
  11 hobgoblins
  2 jackals (D:4)
  26 kobolds
  2 quokkas
  12 ball pythons
  3 bats
  4 frilled lizards
  5 goblins
  A rat (D:1)
998 creatures vanquished.

Vanquished Creatures (collateral kills)
  A fenstrider witch (Swamp:1)
  A deep elf sorcerer (Elf:1)
  A dire elephant (Lair:5)
  2 ice dragons (Swamp:4)
  2 dancing weapons
  A deep troll earth mage (D:14)
  3 naga sharpshooters
  An occultist (D:14)
  3 orc high priests (Orc:2)
  A goliath frog (Swamp:1)
  3 deep elf archers (Elf:1)
  3 orc knights (Orc:2)
  4 deep elf zephyrmancers
  3 deep elf pyromancers
  An orc sorcerer (Orc:2)
  4 ugly things (D:14)
  A will-o-the-wisp (Swamp:1)
  A kobold blastminer (Orc:2)
  A cane toad (shapeshifter) (Elf:1)
  2 kobold demonologists (D:14)
  A tyrant leech (Swamp:1)
  A swamp worm (Swamp:1)
  2 hydra simulacra (Swamp:4)
  A boggart (D:14)
  An earth elemental (Elf:2)
  An orc priest (Orc:2)
  2 orc wizards (Orc:2)
48 creatures vanquished.

Vanquished Creatures (others)
  A bunyip (Swamp:4)
  An alligator (Swamp:4)
  A deep elf knight (Elf:1)
  A bloated husk (Swamp:1)
  A blink frog (Lair:3)
  A shadow (D:11)
  3 humans (Lair:3)
  A swamp drake (Swamp:4)
  An orc priest (Orc:2)
  A white imp (D:6)
  6 foxfires
18 creatures vanquished.

Grand Total: 1064 creatures vanquished

Notes
Turn   | Place    | Note
-------+----------+-------------------------------------------
     0 | D:1      | MiniTore the Coglin Berserker began the quest for the Orb.
     0 | D:1      | Reached XP level 1. HP: 18/18 MP: 1/1
   248 | D:1      | Reached XP level 2. HP: 13/24 MP: 2/2
   698 | D:1      | Reached skill level 4 in Fighting
   782 | D:1      | Reached ** piety under Trog
   783 | D:1      | Reached XP level 3. HP: 30/30 MP: 3/3
   799 | D:1      | You fall into a shaft and drop 1 floor!
   974 | D:2      | Found a faded altar of an unknown god.
  1230 | D:2      | Reached XP level 4. HP: 38/38 MP: 4/4
  1654 | D:2      | Reached skill level 5 in Fighting
  2334 | D:3      | Reached XP level 5. HP: 40/44 MP: 5/5
  2392 | D:4      | Noticed Sigmund
  2397 | D:4      | Killed Sigmund
  2398 | D:4      | Reached skill level 7 in Fighting
  2398 | D:4      | Reached XP level 6. HP: 55/55 MP: 6/6
  2444 | D:5      | Entered Level 5 of the Dungeon
  2568 | D:5      | Reached XP level 7. HP: 51/60 MP: 7/7
  2672 | D:5      | Reached skill level 5 in Axes
  2683 | D:5      | Found a shimmering blue altar of Sif Muna.
  3195 | D:5      | Reached XP level 8. HP: 67/67 MP: 8/8
  4115 | D:3      | Reached skill level 5 in Evocations
  4812 | D:4      | Reached *** piety under Trog
  5235 | D:4      | Reached XP level 9. HP: 72/72 MP: 9/9
  5438 | D:4      | Found a sparkling altar of Nemelex Xobeh.
  6905 | D:7      | Noticed a two-headed ogre
  6916 | D:7      | Killed a two-headed ogre
  6917 | D:7      | Reached skill level 5 in Armour
  6917 | D:7      | Reached XP level 10. HP: 25/79 MP: 10/10
  7135 | D:7      | Gained mutation: You sometimes lose your temper in combat.
                  | [potion of mutation]
  7135 | D:7      | Gained mutation: Your body sometimes deteriorates upon
                  | taking damage. [potion of mutation]
  7135 | D:7      | Gained mutation: You are weak. (Str -2) [potion of
                  | mutation]
  7524 | D:7      | Found a staircase to the Ecumenical Temple.
  7595 | D:8      | Identified a scroll of acquirement
  7595 | D:8      | Acquired a manual of Polearms
  7865 | D:8      | Reached skill level 1 in Polearms
  7936 | D:8      | Reached **** piety under Trog
  7941 | D:8      | Identified the +2 rapier "Goblinslayer" {flame, *Noise
                  | Int+5}
  7948 | D:8      | Reached skill level 5 in Polearms
  8297 | D:8      | Noticed a skeletal warrior
  8599 | D:8      | Paralysed by a hornet for 1 turns
  9508 | D:9      | Noticed Amaemon
  9508 | D:9      | Noticed an orange demon
  9514 | D:9      | Killed Amaemon
  9515 | D:9      | Reached XP level 11. HP: 74/84 MP: 11/11
  9897 | D:10     | Entered Level 10 of the Dungeon
  9958 | D:10     | Noticed Grum
 10006 | D:10     | Killed Grum
 10482 | D:10     | Reached skill level 5 in Dodging
 10575 | D:10     | Found a staircase to the Orcish Mines.
 10786 | D:10     | Noticed a two-headed ogre
 10795 | D:10     | Killed a two-headed ogre
 10796 | D:10     | Reached skill level 10 in Polearms
 11160 | D:10     | Lost mutation: You are weak. (Str -2) [potion of mutation]
 11160 | D:10     | Lost mutation: You sometimes lose your temper in combat.
                  | [potion of mutation]
 11160 | D:10     | Gained mutation: You are frail. (-10% HP) [potion of
                  | mutation]
 11160 | D:10     | Gained mutation: You are somewhat resistant to further
                  | mutation. [potion of mutation]
 12409 | D:11     | Found a staircase to the Lair.
 12409 | D:11     | Noticed an oklob plant
 12418 | D:11     | Killed an oklob plant
 12859 | D:11     | Noticed a purple ugly thing
 12872 | D:11     | Killed a purple ugly thing
 12952 | D:11     | Noticed a two-headed ogre
 12961 | D:11     | Killed a two-headed ogre
 13159 | D:12     | Reached XP level 12. HP: 65/81 MP: 12/12
 13270 | D:12     | Noticed Josephine
 13277 | D:12     | Killed Josephine
 13304 | D:12     | Reached skill level 8 in Fighting
 13603 | D:12     | Noticed a two-headed ogre
 13615 | D:12     | Killed a two-headed ogre
 13845 | D:12     | Lost mutation: You are somewhat resistant to further
                  | mutation. [potion of mutation]
 13845 | D:12     | Lost mutation: Your body sometimes deteriorates upon taking
                  | damage. [potion of mutation]
 13845 | D:12     | Lost mutation: You are frail. (-10% HP) [potion of
                  | mutation]
 13845 | D:12     | Gained mutation: Your magical capacity is low. (-10% MP)
                  | [potion of mutation]
 13845 | D:12     | Gained mutation: Your magical capacity is very low. (-20%
                  | MP) [potion of mutation]
 13845 | D:12     | Gained mutation: You expend magic power (3 MP) to
                  | strengthen your wands. [potion of mutation]
 14214 | D:12     | HP: 2/141 [titanic slime creature (50)]
 14218 | D:12     | Reached skill level 9 in Fighting
 14804 | D:12     | Reached skill level 10 in Fighting
 15239 | D:12     | You fall into a shaft and drop 3 floors!
 15239 | D:15     | Entered Level 15 of the Dungeon
 15272 | D:14     | Reached skill level 1 in Throwing
 15570 | D:14     | Reached XP level 13. HP: 33/103 MP: 10/10
 15814 | D:14     | Reached skill level 5 in Throwing
 15873 | D:13     | Reached skill level 10 in Evocations
 16139 | Lair:1   | Entered Level 1 of the Lair of Beasts
 16529 | Lair:1   | You fall into a shaft and drop 1 floor!
 17053 | Lair:5   | Entered Level 5 of the Lair of Beasts
 17064 | Lair:5   | Found a viscous altar of Jiyva.
 17065 | Lair:5   | Found a staircase to the Slime Pits.
 17501 | Lair:5   | Paralysed by a hornet for 2 turns
 17503 | Lair:5   | Reached ***** piety under Trog
 17898 | Lair:5   | Noticed a fire dragon
 18044 | Lair:5   | Reached skill level 10 in Throwing
 18070 | Lair:5   | Reached XP level 14. HP: 52/110 MP: 11/11
 18209 | Lair:5   | Acquired an ablative megacapacitor {rPois Will+ rCorr Clar
                  | RMsl}
 18227 | Lair:5   | Noticed a dire elephant
 18232 | Lair:5   | Noticed Rupert
 18246 | Lair:5   | Killed Rupert
 18246 | Lair:5   | Killed a dire elephant
 18629 | Lair:5   | Got an earthy gem with 1222 turns to spare
 18706 | Lair:5   | Reached skill level 1 in Maces & Flails
 19151 | Lair:2   | Found a staircase to the Swamp.
 19151 | Lair:2   | Noticed an eleionoma
 19168 | Lair:2   | Killed an eleionoma
 20046 | Lair:2   | Reached skill level 5 in Maces & Flails
 20766 | Lair:1   | Noticed Sonja
 20779 | Lair:1   | Killed Sonja
 21446 | Lair:3   | Noticed Kirke
 21462 | Lair:3   | Killed Kirke
 21627 | Lair:3   | Reached XP level 15. HP: 53/117 MP: 1/12
 21877 | Lair:3   | Noticed Prince Ribbit
 21884 | Lair:3   | Killed Prince Ribbit
 22180 | Lair:3   | Identified the +10 broad axe of the Known World {flame,
                  | Will++ Str+6} (Trog gifted it to you on level 3 of the Lair
                  | of Beasts)
 22180 | Lair:3   | Received a gift from Trog
 22436 | Lair:3   | Found a staircase to the Snake Pit.
 23505 | Lair:5   | Reached skill level 10 in Axes
 23984 | Orc:1    | Entered Level 1 of the Orcish Mines
 24229 | Orc:1    | Found a burning altar of Makhleb.
 24455 | Orc:2    | Entered Level 2 of the Orcish Mines
 24631 | Orc:2    | Found Ozoorghok's Antique Armour Shop.
 24642 | Orc:2    | Reached skill level 11 in Fighting
 24647 | Orc:2    | Received a gift from Trog
 24670 | Orc:2    | Found Onudezxa's Book Shoppe.
 24800 | Orc:2    | Found Pivo's Weapon Boutique.
 24979 | Orc:2    | Found Lagoko's Antique Weapon Shop.
 24980 | Orc:2    | Found Ocaerayshro's Magic Scroll Shoppe.
 24995 | Orc:2    | Bought a pair of translucent gloves for 304 gold pieces
 24995 | Orc:2    | Identified the +0 pair of gloves of Jatz {Str+4 Int+2
                  | Dex+3} (You bought it in a shop on level 2 of the Orcish
                  | Mines)
 25119 | Orc:2    | Bought the +10 hand axe "Xymyug" {venom, rC+ Dex+2 SInv}
                  | for 1292 gold pieces
 25194 | Orc:2    | Found a staircase to the Elven Halls.
 25331 | Orc:2    | Bought a glowing cloak for 240 gold pieces
 25392 | Orc:2    | Bought a scroll of enchant armour for 90 gold pieces
 25392 | Orc:2    | Bought a scroll of blinking for 90 gold pieces
 25475 | Orc:1    | Upgraded the game from 0.32-a0-612-g1c984fe9d1 to
                  | 0.32-a0-616-g9348d4545b
 25491 | Orc:1    | You fall into a shaft and drop 1 floor!
 25659 | Slime:1  | Entered Level 1 of the Pits of Slime
 25659 | Slime:1  | Noticed a rockslime
 25659 | Slime:1  | Noticed a rockslime
 25665 | Slime:1  | Noticed an acid blob
 25667 | Slime:1  | Reached skill level 12 in Fighting
 25667 | Slime:1  | Killed a rockslime
 25670 | Slime:1  | Killed a rockslime
 25808 | Slime:1  | Killed an acid blob
 25811 | Slime:1  | Noticed an acid blob
 26000 | Slime:1  | Killed an acid blob
 26049 | Slime:2  | Noticed an acid blob
 26054 | Slime:2  | Noticed an azure jelly
 26057 | Slime:1  | Killed an acid blob
 26058 | Slime:1  | Reached skill level 13 in Fighting
 26338 | Snake:1  | Entered Level 1 of the Snake Pit
 26509 | Snake:1  | Reached XP level 16. HP: 93/131 MP: 2/12
 26710 | Snake:1  | Noticed Jorgrun
 26718 | Snake:1  | Killed Jorgrun
 26719 | Snake:1  | Reached skill level 14 in Fighting
 27136 | Snake:1  | Found a shimmering altar of Xom.
 28637 | Snake:2  | Received a gift from Trog
 28638 | Snake:2  | Reached skill level 10 in Armour
 28662 | Snake:2  | HP: 9/199 [something (16)]
 29489 | Snake:2  | Noticed Mlioglotl
 29495 | Snake:2  | Gained mutation: You are weak. (Str -2) [a neqoxec]
 29498 | Snake:2  | Killed Mlioglotl
 29521 | Snake:2  | Lost mutation: Your magical capacity is very low. (-20% MP)
                  | [potion of mutation]
 29521 | Snake:2  | Lost mutation: Your magical capacity is low. (-10% MP)
                  | [potion of mutation]
 29521 | Snake:2  | Lost mutation: You are weak. (Str -2) [potion of mutation]
 29521 | Snake:2  | Gained mutation: Your natural rate of healing is unusually
                  | fast. [potion of mutation]
 29521 | Snake:2  | Gained mutation: You have a pair of small antennae on your
                  | head. [potion of mutation]
 29800 | Snake:3  | Noticed Vashnia
 29837 | Snake:3  | Killed Vashnia
 30039 | Snake:3  | Found Xynola's Magic Scroll Emporium.
 30041 | Snake:3  | Found Kosoonao's Weapon Shoppe.
 30043 | Snake:3  | Found Qyfuzil's Antique Weapon Emporium.
 30095 | Snake:3  | Noticed a nagaraja
 30103 | Snake:3  | Killed a nagaraja
 30578 | Snake:4  | Entered Level 4 of the Snake Pit
 30831 | Orc:2    | Bought 3 scrolls of enchant weapon for 270 gold pieces
 30831 | Orc:2    | Bought a scroll of enchant weapon for 90 gold pieces
 31078 | Snake:3  | Bought a scroll of enchant weapon for 135 gold pieces
 31078 | Snake:3  | Bought a scroll of enchant weapon for 135 gold pieces
 31156 | Snake:4  | Noticed Bai Suzhen
 31158 | Snake:4  | Noticed a quicksilver dragon
 31170 | Snake:4  | Killed Bai Suzhen
 31175 | Snake:4  | Noticed a nagaraja
 31182 | Snake:4  | Noticed a nagaraja
 31246 | Snake:4  | Killed a nagaraja
 31247 | Snake:4  | Reached skill level 10 in Dodging
 31295 | Snake:4  | Upgraded the game from 0.32-a0-616-g9348d4545b to
                  | 0.32-a0-630-g46d191b0ed
 31423 | Snake:4  | Reached XP level 17. HP: 140/140 MP: 13/17
 31598 | Snake:4  | Reached skill level 15 in Fighting
 31618 | Snake:3  | Killed a quicksilver dragon
 31819 | Snake:4  | Identified the +6 scimitar "Bubragej" {drain, ^Contam
                  | +Blink rC+ Dex+6}
 31963 | Snake:4  | Reached skill level 16 in Fighting
 32090 | Snake:4  | Found Ynody's Weapon Shop.
 32090 | Snake:4  | Found Cyppom's General Store.
 32090 | Snake:4  | Found Plog's General Store.
 32090 | Snake:4  | Found Riciomuo's Jewellery Boutique.
 32650 | Snake:4  | Got a serpentine rune of Zot
 32994 | D:13     | Received a gift from Trog
 33103 | D:13     | Found a gate to the Vaults.
 33494 | D:14     | Reached skill level 17 in Fighting
 33808 | D:14     | Found a transporter.
 33823 | D:14     | Found a shimmering blue altar of Sif Muna.
 33934 | D:14     | Identified the ring "Ysek" {rF+ Will+}
 34107 | D:14     | Found a transporter.
 34221 | D:14     | You are sucked into a shaft and drop 1 floor!
 34359 | D:15     | Reached skill level 1 in Stealth
 34669 | D:15     | Reached skill level 5 in Stealth
 34669 | D:15     | Found a staircase to the Depths.
 34693 | D:15     | Reached XP level 18. HP: 69/154 MP: 13/18
 35121 | D:15     | Found a shimmering blue altar of Sif Muna.
 35866 | Swamp:1  | Entered Level 1 of the Swamp
 35909 | Swamp:1  | HP: 5/154 [swamp worm (18)]
 36197 | Swamp:1  | Reached skill level 10 in Stealth
 36446 | Swamp:2  | Found a runed translucent gate.
 36446 | Swamp:2  | Found a runed translucent gate.
 36448 | Swamp:2  | Found a runed translucent gate.
 36449 | Swamp:2  | Noticed Eboth's ghost (adept GnFi)
 36481 | Swamp:2  | Killed Eboth's ghost
 36596 | Swamp:2  | Identified the +2 long sword "Ucoxt" {distort, ^Drain
                  | Str+5}
 37576 | Swamp:3  | Received a gift from Trog
 37943 | Swamp:4  | Entered Level 4 of the Swamp
 38077 | Swamp:4  | Reached ****** piety under Trog
 38206 | Swamp:4  | Got a decaying rune of Zot
 38813 | Elf:1    | Entered Level 1 of the Elven Halls
 38885 | Elf:1    | Received a gift from Trog
 38901 | Elf:1    | Reached XP level 19. HP: 63/161 MP: 19/19
 39754 | Elf:2    | Received a gift from Trog
 39902 | Elf:2    | Found an ancient bone altar of Kikubaaqudgha.
 39996 | Elf:2    | Found a huge runed translucent gate.
 39996 | Elf:2    | Found a huge runed translucent gate.
 39996 | Elf:2    | Found a huge runed translucent gate.
 39996 | Elf:2    | Found a huge runed translucent gate.
 39997 | Elf:2    | Found a huge runed translucent gate.
 40621 | Elf:2    | Killed from afar by a deep elf zephyrmancer

Illustrated notes

Levels and vault maps discovered:
D:1:      dpeg_arrival_chambers_temple_mockup, layout_basic,
          serial_corexii_hall, corexii_hall_statues_i, corexii_hall_statues_u,
          corexii_hall_statues_t, chequers_hall_statues_corner_a
D:2:      layout_basic, shapermc_ecumenical_altar_mp_ritualfount,
          chequers_serial_rivers_room_b, minmay_misc_feat_secret_circle,
          amcnicky_mini_pool_small
D:3:      layout_loops_corners, grunt_ministairs_15, minmay_misc_feat_encased,
          serial_park_tiny_1, minmay_misc_feat_plants
D:4:      cheibrodos_barr_body, layout_rooms, mainiacjoe_overflow_alcove_4,
          chequers_serial_rivers_small_3, minivault_5, serial_bayou_lagoon_a,
          minmay_close_crescents, uniq_sigmund
D:5:      minmay_angry_zag, layout_basic, mainiacjoe_overflow_brackets
D:6:      layout_basic
D:7:      layout_rooms, temple_hall
D:8:      layout_basic, wad_dig_loot
D:9:      layout_basic, uniq_amaemon
D:10:     layout_layer_cave, minmay_orc_entry_guard_dogs, chequers_avenue,
          uniq_grum
D:11:     layout_basic, dpeg_oklobed_lair, minivault_25
D:12:     layout_loops_corners, serial_demonic, serial_demonic_f,
          serial_demonic_c, serial_demonic_g, serial_demonic_b, uniq_josephine
D:13:     layout_roguey, hellmonk_vaults_attempted_burglary
D:14:     gammafunk_sealed_library, layout_long_grid, minmay_misc_feat_tower
D:15:     gammafunk_depths_entry_grave, layout_basic, nicolae_sextant,
          lemuel_blue_sif_altar
Lair:1:   layout_gridlike, infiniplex_staircase_pool_2, uniq_sonja
Lair:2:   layout_concentric_octagons, alex1729_swamp_entry_worm_eleionoma,
          st_stairs_12, beast_lair_carwin_10
Lair:3:   layout_gridlike, nicolae_snake_entry_squirm,
          grunt_forest_stairs_basic, grunt_megastairs_1, uniq_prince_ribbit2,
          uniq_kirke
Lair:4:   layout_loops_ring, minivault_23, st_stairs_12,
          chequers_serial_rivers_large_b
Lair:5:   wormcave, layout_misc_corridors, hangedman_lair_in_review,
          slime_entry_1, uniq_rupert
Swamp:1:  layout_falls_marsh, evilmike_swamp_ruin_house_3, swamp_pool_5,
          nicolae_swamp_baby_hydras
Swamp:2:  layout_basic_swamp, gammafunk_ghost_hydra_chop,
          evilmike_swamp_ruin_rubble_2
Swamp:3:  layout_basic_swamp, nicolae_swamp_ascending_descending
Swamp:4:  swamp_icy, layout_basic_swamp
Snake:1:  layout_chambers, basic_altar, serial_bayou_shore_a, uniq_jorgrun
Snake:2:  layout_honeycomb, uniq_mlioglotl
Snake:3:  layout_concentric_octagons, minmay_shop_star, uniq_vashnia
Snake:4:  hellmonk_snake_rune_quicksilver_temple, layout_cave_town,
          minmay_shoptagon, uniq_bai_suzhen
Slime:1:  layout_caves, cheibrodos_slime_lost_civilization_4
Slime:2:  layout_caves
Orc:1:    layout_caves, bloody_makhleb
Orc:2:    st_orc_elflike, layout_caves, serial_shops, nicolae_shop_mannequins
Elf:1:    layout_gridlike, minmay_elf_crystal_heptagon
Elf:2:    elven_hall_of_blades_hangedman_alternative
          [infiniplex_blade_entry_pillars], layout_rooms, basic_altar,
          dk_noncrumbling_4

Skill      XL: |  1  2  3  4  5  6  7  8  9 10 11 12 13 14 15 16 17 18 19 |
---------------+----------------------------------------------------------+-----
Fighting       | 4 5 7 10 13 14 17 | 17.0
Axes           | 4 6 7 9 10 11 13 | 13.0
Evocations     | 2 6 8 9 10 14 | 14.0
Armour         | 5 7 9 10 11 13 | 13.7
Polearms       | 9 10 11 | 11.2
Dodging        | 3 6 10 | 10.1
Throwing       | 4 10 11 | 11.5
Maces & Flails | 8 9 |  9.8
Stealth        | 6 11 | 11.3

Action                     |  1- 3 |  4- 6 |  7- 9 | 10-12 | 13-15 | 16-18 | 19-21 || total
---------------------------+-------+-------+-------+-------+-------+-------+-------++-------
  Melee: Hand axe          |    88 |   110 |   277 |    21 |   289 |    83 |       ||   868
         Dagger            |    39 |       |       |       |       |       |       ||    39
         Whip              |       |       |   101 |   125 |       |       |       ||   226
         Flail             |       |       |    18 |   309 |       |       |       ||   327
         Demon whip        |       |       |       |   247 |   390 |       |       ||   637
         Spear             |       |       |       |   233 |    58 |       |       ||   291
         War axe           |       |       |       |   118 |   462 |   455 |   108 ||  1143
         Unarmed           |       |       |       |       |     4 |       |       ||     4
         Broad axe         |       |       |       |       |   187 |   578 |   116 ||   881
  Throw: Dart              |     2 |       |     6 |     8 |    28 |    15 |       ||    59
         Boomerang         |       |       |    22 |    12 |   101 |   135 |    20 ||   290
         Throwing net      |       |       |       |       |     1 |     2 |       ||     3
         Javelin           |       |       |       |       |       |    29 |     5 ||    34
 Invoke: Berserk           |     1 |     2 |     3 |    11 |    16 |    12 |       ||    45
         Trog's Hand       |       |     1 |       |     2 |     4 |     6 |     2 ||    15
         Brothers in Arms  |       |       |       |     1 |     3 |     7 |     2 ||    13
Ability: Invent Gizmo      |       |       |       |       |     1 |       |       ||     1
  Evoke: Wand              |       |       |     2 |     1 |    19 |    24 |     2 ||    48
         Condenser vane    |       |       |       |       |       |     1 |       ||     1
    Use: Potion            |       |     1 |       |    11 |     5 |    14 |       ||    31
         Scroll            |       |       |     7 |    17 |     9 |    19 |     2 ||    54
   Stab: Sleeping          |       |       |     1 |     3 |     1 |    10 |     6 ||    21
         Invisible         |       |       |       |     4 |     4 |     4 |       ||    12
         Distracted        |       |       |       |       |     1 |       |       ||     1
         Held in net/web   |       |       |       |       |       |     3 |       ||     3
 Armour: Animal skin       |     6 |       |       |       |       |       |       ||     6
         Leather armour    |    42 |     5 |       |       |       |       |       ||    47
         Scale mail        |       |    18 |   135 |       |       |       |       ||   153
         Steam dragon scal |       |       |    30 |   333 |       |       |       ||   363
         Plate armour      |       |       |       |   116 |   257 |       |       ||   373
         Ring mail         |       |       |       |       |   323 |   214 |       ||   537
         Quicksilver drago |       |       |       |       |       |   444 |    86 ||   530
  Dodge: Dodged            |    47 |    35 |   111 |   363 |   346 |   441 |    59 ||  1402
         Repelled          |       |       |       |       |    24 |   116 |    26 ||   166

Table legend: (Time is in decaauts)
 A = Elapsed time spent in this place.
 B = Non-inter-level travel time spent in this place.
 C = Inter-level travel time spent in this place.
 D = Time resting spent in this place.
 E = Time spent auto-exploring this place.
 F = Levels seen in this place.
 G = Mean time per level.
                   A        B        C        D        E       F      G
               +--------+--------+--------+--------+--------+-----+--------+
         Total |  40747 |  37257 |   3490 |   7729 |  19652 |  34 | 1198.4 |
       Dungeon |  19119 |  17717 |   1402 |   3002 |  10708 |  15 | 1274.6 |
          Lair |   8985 |   7835 |   1150 |   2643 |   3244 |   5 | 1797.0 |
         Swamp |   2788 |   2637 |    151 |    253 |   1516 |   4 |  697.0 |
     Snake Pit |   6265 |   5787 |    478 |   1688 |   2204 |   4 | 1566.2 |
    Slime Pits |    238 |    238 |      0 |     93 |      0 |   2 |  119.0 |
  Orcish Mines |   1586 |   1325 |    261 |      0 |    836 |   2 |  793.0 |
   Elven Halls |   1764 |   1719 |     45 |     48 |   1143 |   2 |  882.0 |
               +--------+--------+--------+--------+--------+-----+--------+

Top non-repeatable levels by time:
  Lair:5: 2553 daAuts
    D:10: 2199 daAuts
 Snake:1: 2120 daAuts
    D:12: 2118 daAuts
  Lair:2: 2065 daAuts
  Lair:3: 2012 daAuts
     D:5: 1558 daAuts
    D:11: 1518 daAuts
 Snake:2: 1487 daAuts
     D:8: 1487 daAuts
 Snake:4: 1385 daAuts
    D:14: 1368 daAuts
  Lair:1: 1290 daAuts
 Snake:3: 1271 daAuts
     D:6: 1254 daAuts
